 Dungeon Crawl Stone Soup version 0.25-a0-353-ged6d54792d (webtiles) character file.

Game seed: 9625564064135937938, levelgen mode: classic

103464 Borgoz the Bludgeoner (level 16, 0/105 HPs)
             Began as a Gargoyle Fighter on Jan 1, 2020.
             Was the Champion of Makhleb.
             Slain by an orc warrior
             ... wielding a +0 flail
              (14 damage)
             ... on level 2 of the Orcish Mines.
             The game lasted 01:03:06 (26704 turns).

Borgoz the Bludgeoner (Gargoyle Fighter)           Turns: 26704, Time: 01:03:08

Health: 0/105      AC: 43    Str: 25    XL:     16   Next: 36%
Magic:  7/7        EV: 12    Int: 12    God:    Makhleb [******]
Gold:   1746       SH:  0    Dex: 16    Spells: 15/15 levels left

rFire    + . .     SeeInvis .   a - +2 great mace (antimagic)
rCold    + . .     Gourm    .   (shield currently unavailable)
rNeg     + . .     Faith    .   b - +2 crystal plate armour "Upputiod" {rPois Int+3}
rPois    ∞         Spirit   .   H - +3 hat "Daekufil" {Regen+}
rElec    +         Reflect  .   K - scarf {repulsion}
rCorr    .         Harm     .   q - +0 pair of gloves
MR       +....                  S - +0 pair of boots
Stlth    ..........             (no amulet)
HPRegen  0.67/turn              o - +5 ring of dexterity
MPRegen  0.10/turn              m - ring of Rieqiy {rF+ rC+ MP+9}

@: confused, about to teleport, flying, repel missiles
A: big wings, low mp 1, negative energy resistance 1, electricity resistance,
unbreathing, petrification resistance, rot immunity, AC +12
a: Stop Flying, Minor Destruction, Lesser Servant of Makhleb, Major Destruction,
Greater Servant of Makhleb, Renounce Religion


You were on level 2 of the Orcish Mines.
You worshipped Makhleb.
Makhleb was exalted by your worship.
You were not hungry.

You visited 4 branches of the dungeon, and saw 24 of its levels.
You also visited: Bailey, Gauntlet and Ice Cave.

You collected 2118 gold pieces.
You spent 372 gold pieces at shops.

Inventory:

Hand Weapons
 a - a +2 antimagic great mace (weapon)
Missiles
 C - 3 throwing nets (quivered)
Armour
 b - the +2 crystal plate armour "Upputiod" (worn) {rPois Int+3}
   (You found it in a bailey)

   It affects your intelligence (+3).
   It protects you from poison.
 q - a +0 pair of gloves (worn)
 x - a +2 ring mail of fire resistance
 y - a +0 chain mail of cold resistance
 D - the +1 robe of Reuch {rC+ Dex+4}
   (You found it in a Gauntlet)

   It affects your dexterity (+4).
   It protects you from cold.
 H - the +3 hat "Daekufil" (worn) {Regen+}
   (You found it in a Gauntlet)

   It increases your rate of regeneration.
 K - a scarf of repulsion (worn)
 L - a +2 cloak of invisibility
 S - a +0 pair of boots (worn)
Jewellery
 j - the ring of the Skies Above {Ice rElec MR- Int+8 Dex+4}
   (You found it in a Gauntlet)

   [ring of ice]

   It enhances your ice magic.
   It affects your intelligence (+8).
   It affects your dexterity (+4).
   It makes you vulnerable to fire.
   It protects you from cold.
   It insulates you from electricity.
   It affects your resistance to hostile enchantments.
 m - the ring of Rieqiy (right hand) {rF+ rC+ MP+9}
   (You found it in a Gauntlet)

   [ring of magical power]

   It protects you from fire.
   It protects you from cold.
   It affects your magic capacity (+9).
 o - a +5 ring of dexterity (left hand)
 s - an uncursed ring of protection from magic
 t - an uncursed ring of protection from fire
 E - a +5 ring of dexterity
Wands
 c - a wand of paralysis (6)
 n - a wand of digging (15)
 A - a wand of iceblast (3)
 G - a wand of scattershot (5)
 J - a wand of disintegration (24)
Scrolls
 e - 15 scrolls of teleportation
 g - 2 scrolls of blinking
 l - 13 scrolls of remove curse
 p - 7 scrolls of magic mapping
 v - a scroll of summoning
 w - 5 scrolls of fear
 B - 3 scrolls of identify
Potions
 d - 4 potions of might
 h - a potion of ambrosia
 k - 3 potions of agility
 r - 4 potions of curing
 z - 4 potions of haste
 I - 3 potions of resistance
 T - 2 potions of cancellation
Comestibles
 f - 35 rations
 F - 3 chunks of flesh


   Skills:
 + Level 13.9 Fighting
 + Level 16.7 Maces & Flails
 + Level 13.9 Armour
 + Level 12.3 Dodging
   Level 3.2 Shields


You had 15 spell levels left.
You didn't know any spells.
Your spell library contained the following spells:

 Spells                   Type           Power        Failure   Level  Hunger
 Confusing Touch          Hex            #.....       100%        1    ##.....
 Corona                   Hex            #......      100%        1    ##.....
 Infusion                 Chrm           #...         100%        1    ##.....
 Ensorcelled Hibernation  Hex/Ice        #.....       100%        2    ###....
 Shroud of Golubria       Chrm/Tloc      #.....       100%        2    ###....
 Song of Slaying          Chrm           #.......     100%        2    ###....
 Confuse                  Hex            #.......     100%        3    ####...
 Dazzling Flash           Conj/Hex       #.....       100%        3    ####...
 Regeneration             Chrm/Necr      #.........   100%        3    ####...
 Spectral Weapon          Hex/Chrm       #.......     100%        3    ####...
 Tukima's Dance           Hex            #.......     100%        3    ####...
 Vampiric Draining        Necr           #.........   100%        3    ####...
 Cause Fear               Hex            #.........   100%        4    #####..
 Leda's Liquefaction      Hex/Erth       #.........   100%        4    #####..
 Borgnjor's Vile Clutch   Necr/Erth      #.........   100%        5    ######.
 Irradiate                Conj/Tmut      #.........   100%        5    ######.
 Silence                  Hex/Air        #.........   100%        5    ######.
 Yara's Violent Unravell  Hex/Tmut       #.........   100%        5    ######.
 Darkness                 Hex            #.........   100%        6    #######
 Death Channel            Necr           #.........   100%        6    #######
 Deflect Missiles         Chrm/Air       #.........   100%        6    #######
 Eringya's Noxious Bog    Tmut/Pois      #.........   100%        6    #######
 Hydra Form               Tmut           #.........   100%        6    #######
 Invisibility             Hex            #.......     100%        6    #######
 Dragon Form              Tmut           #.........   100%        7    #######
 Discord                  Hex            #.........   100%        8    #######
 Shatter                  Erth           #.........   100%        9    #######
 Sublimation of Blood     Necr           Unusable     N/A         2    N/A
 Statue Form              Tmut/Erth      Unusable     N/A         6    N/A

Dungeon Overview and Level Annotations

Branches:
Dungeon (15/15)            Temple (1/1) D:4            Lair (6/6) D:9
 Shoals (0/4) Lair:3       Spider (0/4) Lair:4        Slime (0/5) Lair:5
    Orc (2/2) D:9             Elf (0/3) Orc:2        Vaults (0/5) D:14
 Bailey (visited)           IceCv (visited)         Gauntlet (visited)
 Depths: D:15

Altars:
Ashenzari
Cheibriados
Dithmenos
Elyvilon
Fedhas
Gozag
Hepliaklqana
Kikubaaqudgha
Makhleb
Nemelex Xobeh
Okawaru
Qazlal
Ru
Sif Muna
Trog
Uskayaw
Vehumet
Wu Jian
Xom
Yredelemnul
Zin
The Shining One
Beogh

Shops:
D:7 *   D:12 !   Orc:2 [(

Portals:
Trove: D:14 (give +7 demon blade)


Innate Abilities, Weirdness & Mutations

You are resistant to torment.
Your stone body is resilient. (AC +12)
You are immune to poison.
Your large and strong wings let you fly indefinitely.
You resist negative energy. (rN+)
You are resistant to electric shocks. (rElec)
You can survive without breathing.
You are immune to petrification.
You are immune to rotting.
Your magical capacity is low. (-10% MP)


Message History

The orc warlord hits you with a +6 great mace of protection!!
* * * LOW HITPOINT WARNING * * *
The orc warrior hits you but does no damage.
You feel much better. The orc knight barely misses you.
The orc warlord hits you with a +6 great mace of protection!!
* * * LOW HITPOINT WARNING * * *
Unknown command.
You feel much better.
The orc warrior hits you with a +0 flail!
* * * LOW HITPOINT WARNING * * *
The orc knight hits you with a +0 great mace!
* * * LOW HITPOINT WARNING * * *
Unknown command.
You are confused.
You feel invigorated.
The orc warrior no longer looks unusually strong.
The orc warlord hits you with a +6 great mace of protection.
* * * LOW HITPOINT WARNING * * *
The orc warrior hits you with a +0 flail!
You die...

,,,,,,,,,,** ,,,,,,**,**
*,,,,*,,,,* ......,,,**
.....#,,.## .....##...##
......##^..# ###
.#...#..#.### ##o##
........$...####@oO#
.#.)#.........###oo##
...)))...o.....##hTo#
.......ooO....oo#3oO##
...#..o.o.....oo4oo).#
..$.Oo.#......#O.o...#*
...o#.#...P....T......#*
....###.....P..........#
...###......8.P.......##


You could see an orc warlord, 2 orc knights, a sun demon, a troll, a warg, an
orc sorcerer, 4 orc warriors, 2 ogres and an orc.

Vanquished Creatures
  Gastronok (Lair:1)
  A frost giant (IceCv)
  A minotaur (Gauntlet)
  A fire dragon (Lair:4)
  Harold (D:7)
  5 vault guards (D:14)
  8 hydras
  A ghost crab (Gauntlet)
  A catoblepas (Lair:6)
  A merfolk avatar (Lair:6)
  2 centaur warriors
  6 two-headed ogres
  A tengu warrior (D:14)
  A deep troll earth mage (D:12)
  4 orc high priests
  A soul eater (Gauntlet)
  4 deep trolls (D:9)
  An iron troll (D:9)
  3 unseen horrors (D:12)
  4 skeletal warriors (D:14)
  A wizard (D:15)
  A wolf spider zombie (D:14)
  An orc knight (Bailey)
  2 oklob plants (Lair:6)
  19 ugly things
  An orc sorcerer (Orc:2)
  2 slime creatures (D:12)
  4 cyclopes
  A manticore (Lair:6)
  2 ice statues (IceCv)
  A merfolk siren (Lair:3)
  Joseph (D:10)
  23 elephants
  9 spiny frogs
  3 black mambas
  A gargoyle (D:15)
  5 rime drakes
  9 komodo dragons
  A freezing wraith (D:15)
  3 merfolk (Lair:3)
  2 tengu conjurers (D:14)
  A queen bee (D:15)
  5 trolls (D:9)
  3 meliai (D:15)
  19 polar bears
  3 hornets (Lair:6)
  13 blink frogs
  A wind drake (Lair:6)
  10 hippogriffs
  A redback (Lair:4)
  A vampire (D:12)
  A shadow (D:13)
  7 wyverns
  A wraith (D:15)
  A hungry ghost (D:15)
  57 yaks
  2 vampire mosquitoes (D:14)
  2 basilisks
  A steam dragon (D:9)
  2 swamp worms (Gauntlet)
  Menkaure (D:5)
  Edmund (D:4)
  4 wargs
  16 water moccasins
  A soldier ant (D:11)
  12 porcupines
  An acid dragon (D:12)
  5 sky beasts
  22 orc warriors
  An ice beast (D:8)
  8 black bears
  A phantom (D:11)
  A hornet zombie (D:14)
  15 ogres
  9 wolves
  20 centaurs
  17 crocodiles
  4 big kobolds
  Blork the orc (D:5)
  21 bullfrogs
  9 scorpions
  3 wights (D:7)
  40 killer bees
  3 electric eels
  5 howler monkeys
  2 lava snakes (D:11)
  4 centaur zombies
  9 crimson imps
  A quasit (D:9)
  2 bullfrog zombies
  10 hounds
  3 jellies
  19 orc priests
  A gnoll shaman (D:4)
  5 iguanas
  Ijyb (D:4)
  17 orc wizards
  Natasha (thrice) (D:4)
  7 hell rats (Lair:6)
  7 worker ants
  A hound skeleton (D:6)
  2 worker ant zombies
  5 gnolls (D:4)
  10 adders
  7 shadow imps
  3 oozes (D:1)
  An adder zombie (D:10)
  An adder skeleton (D:8)
  2 worms
  3 dart slugs
  5 leopard geckos
  85 orcs
  16 giant cockroaches
  3 goblins
  9 hobgoblins
  17 jackals
  25 kobolds
  7 quokkas
  6 bats
  8 frilled lizards
  A quokka skeleton (D:6)
  10 rats
  2 plants
812 creatures vanquished.

Vanquished Creatures (others)
  An orc wizard (Orc:1)
  A bush (D:14)
  4 demonic plants (Gauntlet)
  19 fungi
  9 plants (Lair:6)
34 creatures vanquished.

Grand Total: 846 creatures vanquished

Notes
Turn   | Place    | Note
-------+----------+-------------------------------------------
     0 | D:1      | Borgoz the Gargoyle Fighter began the quest for the Orb.
     0 | D:1      | Reached XP level 1. HP: 14/14 MP: 1/1
     1 | D:1      | Found a runed translucent door.
   280 | D:1      | Reached XP level 2. HP: 19/19 MP: 2/2
   994 | D:2      | Reached XP level 3. HP: 19/23 MP: 3/3
  1281 | D:2      | Reached skill level 3 in Maces & Flails
  1281 | D:2      | Reached skill level 1 in Dodging
  1312 | D:2      | Reached XP level 4. HP: 26/29 MP: 4/4
  1371 | D:2      | Found a faded altar of an unknown god.
  2100 | D:3      | Reached XP level 5. HP: 29/33 MP: 5/5
  2899 | D:4      | Reached skill level 4 in Maces & Flails
  2913 | D:4      | Reached XP level 6. HP: 32/38 MP: 6/6
  2973 | D:4      | Found a staircase to the Ecumenical Temple.
  2980 | Temple   | Entered the Ecumenical Temple
  3563 | D:4      | Noticed Edmund
  3583 | D:4      | Killed Edmund
  3583 | D:4      | Reached skill level 5 in Maces & Flails
  3583 | D:4      | Reached XP level 7. HP: 18/44 MP: 7/7
  3986 | D:4      | Noticed Natasha
  3990 | D:4      | Killed Natasha
  4037 | D:4      | Noticed Ijyb
  4058 | D:4      | Killed Ijyb
  4100 | D:4      | Noticed Natasha
  4102 | D:4      | Killed Natasha
  4102 | D:4      | Reached skill level 5 in Fighting
  4102 | D:4      | Reached skill level 5 in Armour
  4120 | D:4      | Noticed Natasha
  4129 | D:4      | Killed Natasha
  4139 | D:5      | Entered Level 5 of the Dungeon
  4144 | D:5      | Noticed Blork the orc
  4152 | D:5      | Killed Blork the orc
  4288 | D:5      | Reached XP level 8. HP: 42/50 MP: 8/8
  4389 | D:5      | Noticed Menkaure
  4395 | D:5      | Killed Menkaure
  4395 | D:5      | Reached skill level 6 in Maces & Flails
  4688 | D:5      | Noticed a hippogriff
  4698 | D:5      | Killed a hippogriff
  5459 | D:6      | Reached skill level 7 in Maces & Flails
  5695 | D:6      | Reached XP level 9. HP: 56/56 MP: 9/9
  6140 | D:7      | Reached skill level 8 in Maces & Flails
  6339 | D:8      | Noticed a two-headed ogre
  6368 | D:8      | Killed a two-headed ogre
  6373 | D:8      | Reached skill level 9 in Maces & Flails
  6373 | D:8      | Reached skill level 5 in Dodging
  6373 | D:8      | Reached XP level 10. HP: 51/63 MP: 10/10
  6537 | D:7      | Found Riekaumo's Assorted Antiques.
  6537 | D:7      | Noticed Harold
  6581 | D:7      | Killed Harold
  7158 | D:7      | Found a burning altar of Makhleb.
  7219 | D:7      | Became a worshipper of Makhleb the Destroyer
  7516 | D:8      | Reached skill level 10 in Maces & Flails
  8194 | D:8      | Reached * piety under Makhleb
  8677 | D:9      | Noticed a deep troll
  8688 | D:9      | Killed a deep troll
  8688 | D:9      | Reached XP level 11. HP: 15/69 MP: 11/11
  8688 | D:9      | Noticed a deep troll
  8961 | D:9      | Killed a deep troll
  9189 | D:9      | Found a staircase to the Lair.
  9222 | D:9      | Reached skill level 11 in Maces & Flails
  9357 | D:9      | Noticed an iron troll
  9376 | D:9      | Killed an iron troll
  9478 | D:9      | Reached ** piety under Makhleb
  9539 | D:9      | Found a roughly hewn altar of Beogh.
  9539 | D:9      | Found a staircase to the Orcish Mines.
  9724 | D:9      | Noticed a deep troll
  9755 | D:9      | Killed a deep troll
 10465 | D:7      | Bought a potion of berserk rage for 180 gold pieces
 10465 | D:7      | Bought a scroll labeled POEXURO GOPEBIS for 36 gold pieces
 10651 | D:9      | Noticed a deep troll
 10659 | D:9      | Killed a deep troll
 10821 | D:10     | Entered Level 10 of the Dungeon
 10821 | D:10     | Noticed Joseph
 10839 | D:10     | Killed Joseph
 10876 | D:10     | Reached *** piety under Makhleb
 10964 | D:10     | Noticed a two-headed ogre
 11054 | D:11     | Reached XP level 12. HP: 77/77 MP: 12/12
 11140 | D:11     | Killed a two-headed ogre
 11140 | D:11     | Reached skill level 10 in Fighting
 11140 | D:11     | Reached skill level 12 in Maces & Flails
 11140 | D:11     | Reached skill level 10 in Armour
 11568 | D:10     | Noticed a two-headed ogre
 11581 | D:10     | Killed a two-headed ogre
 12498 | D:11     | Reached **** piety under Makhleb
 13119 | D:12     | Found a flagged portal.
 13128 | Bailey   | Entered a bailey
 13494 | Bailey   | Got a warped crystal plate armour
 13510 | Bailey   | Identified the +2 crystal plate armour "Upputiod" {rPois
                  | Int+3} (You found it in a bailey)
 13639 | D:12     | Reached ***** piety under Makhleb
 13679 | D:12     | Reached skill level 13 in Maces & Flails
 13688 | D:12     | Found Puiwamo's Distillery.
 13698 | D:12     | Bought a potion of heal wounds for 60 gold pieces
 13698 | D:12     | Bought 2 potions of might for 96 gold pieces
 14033 | D:12     | Found a shattered altar of Ashenzari.
 14195 | D:12     | Noticed a deep troll earth mage
 14222 | D:12     | Killed a deep troll earth mage
 14222 | D:12     | Reached XP level 13. HP: 84/84 MP: 13/13
 14535 | D:13     | Found a frozen archway.
 14541 | IceCv    | Entered an ice cave
 15187 | IceCv    | Noticed a frost giant
 15207 | IceCv    | Killed a frost giant
 15629 | IceCv    | Got a fine great sword
 15630 | IceCv    | Identified the +6 great sword "Orb Guardian's Curse"
                  | {slice, rPois rF+ Str+6} (You found it in an ice cave)
 15781 | D:13     | Reached skill level 14 in Maces & Flails
 16479 | D:14     | Gained mutation: Your large and strong wings let you fly
                  | indefinitely. [Gargoyle growth]
 16479 | D:14     | Reached XP level 14. HP: 91/91 MP: 14/14
 16594 | D:14     | Found a portal to a secret trove of treasure.
 16619 | D:14     | Found a shimmering blue altar of Sif Muna.
 16726 | D:14     | Found a gate to the Vaults.
 16761 | D:14     | Reached skill level 10 in Dodging
 16812 | D:14     | Reached ****** piety under Makhleb
 17040 | D:14     | Reached skill level 15 in Maces & Flails
 17659 | D:15     | Entered Level 15 of the Dungeon
 18264 | Lair:1   | Entered Level 1 of the Lair of Beasts
 18378 | Lair:1   | Got a pitted quarterstaff
 18407 | Lair:1   | Noticed Gastronok
 18432 | Lair:1   | Killed Gastronok
 19160 | Lair:1   | Identified the +2 quarterstaff of Meplohath {crush, *Contam
                  | rElec MR- Dex+7} (You found it on level 1 of the Lair of
                  | Beasts)
 19181 | Lair:1   | Gained mutation: Your magical capacity is low. (-10% MP)
                  | [mutagenic glow]
 19312 | Lair:2   | Reached XP level 15. HP: 97/97 MP: 4/13
 20184 | Lair:3   | Found a staircase to the Shoals.
 21350 | Lair:4   | Found a hole to the Spider Nest.
 22132 | Lair:5   | Found a staircase to the Slime Pits.
 22157 | Lair:5   | Reached skill level 16 in Maces & Flails
 23004 | Lair:6   | Entered Level 6 of the Lair of Beasts
 23559 | Lair:6   | Identified the Volume of Necromancy
 23721 | Lair:6   | Reached XP level 16. HP: 83/104 MP: 4/14
 24461 | Lair:6   | Found an iron altar of Okawaru.
 25059 | Orc:1    | Entered Level 1 of the Orcish Mines
 25794 | Orc:2    | Entered Level 2 of the Orcish Mines
 25811 | Orc:2    | Found Sush's Antique Armour Shoppe.
 25819 | Orc:2    | Paralysed by an orc sorcerer for 2 turns
 25921 | Orc:2    | Found Tefoar's Antique Weapon Boutique.
 25927 | Orc:2    | Found a gate leading to a gauntlet.
 25936 | Gauntlet | Entered a Gauntlet
 25936 | Gauntlet | Found a transporter.
 25936 | Gauntlet | Found a transporter.
 25944 | Gauntlet | Found a transporter.
 25954 | Gauntlet | Found a transporter.
 25975 | Gauntlet | Found a transporter.
 25995 | Gauntlet | Found a transporter.
 25995 | Gauntlet | Found a transporter.
 25995 | Gauntlet | Found a transporter.
 26020 | Gauntlet | Found a transporter.
 26040 | Gauntlet | Found a transporter.
 26051 | Gauntlet | Found a transporter.
 26058 | Gauntlet | Found a transporter.
 26092 | Gauntlet | Found a transporter.
 26108 | Gauntlet | Found a transporter.
 26208 | Gauntlet | Found a transporter.
 26224 | Gauntlet | Found a transporter.
 26388 | Gauntlet | Got a flickering gossamer ring
 26390 | Gauntlet | Identified the ring of the Skies Above {Ice rElec MR- Int+8
                  | Dex+4} (You found it in a Gauntlet)
 26528 | Gauntlet | Got a pitted bone ring
 26537 | Gauntlet | Identified the ring of Rieqiy {rF+ rC+ MP+9} (You found it
                  | in a Gauntlet)
 26578 | Gauntlet | Identified the Guide on Hexes
 26580 | Gauntlet | Got a dull robe
 26580 | Gauntlet | Got an ichor-stained hat
 26582 | Gauntlet | Identified the Grimoire of Envenoming and the Mountains
 26625 | Gauntlet | Identified the +1 robe of Reuch {rC+ Dex+4} (You found it
                  | in a Gauntlet)
 26645 | Gauntlet | Identified the +3 hat "Daekufil" {Regen+} (You found it in
                  | a Gauntlet)
 26704 | Orc:2    | Slain by an orc warrior

Levels and vault maps discovered:
D:1:      dpeg_arrival_caged_fury, layout_loops_corners, moated_statue,
          serial_bayou_ford_a
D:2:      layout_basic, chequers_ecumenical_altar_lobes, minmay_heptomino_w4
D:3:      layout_basic, first_ration, kennysheep_generic_room_4
D:4:      layout_basic, minmay_temple_entry_junction_2, uniq_ijyb, uniq_natasha,
          uniq_edmund
D:5:      layout_loops_cross, uniq_blork_the_orc, uniq_menkaure
D:6:      layout_basic
D:7:      layout_cave_pools, makhleb_grotto_becter, serial_shops, shop,
          minmay_door_square, grunt_ogre_cave, uniq_harold
D:8:      layout_cave_pods
D:9:      lemuel_troll_bridge, layout_basic, due_lair_maze_entry_diamond,
          david_orc_5
D:10:     layout_gridville, serial_glass, glass_columns_b, glass_columns_b,
          eino_tiny_chamber, uniq_joseph
D:11:     layout_stronghold, kennysheep_generic_room_2
D:12:     layout_small_grid, basic_altar, enter_bailey_2, serial_shops, shop,
          serial_bayou_pond_b, chequers_serial_rivers_micro_c,
          minmay_three_doors
D:13:     layout_loops_ring, portal_ice_cave_entry_pillars_1
D:14:     layout_basic, lightli_vaults_fourway_checkpoint, serial_park_gazebo
          [serial_park_minivault_5x5_1], enter_trove_5, basic_altar
D:15:     grunt_enter_depths_hoard, layout_loops_ring, minivault_7
Temple:   kilobyte_greek_temple
Lair:1:   layout_gridlike, hibernation_bobbens, grunt_megastairs_1,
          uniq_gastronok
Lair:2:   layout_hall_layers, grunt_megastairs_4
Lair:3:   layout_regular_city, elwin_shoals_entry_stream, serial_forest,
          infiniplex_forest_clump_tiny, infiniplex_forest_end_2,
          infiniplex_forest_zigzag_1, infiniplex_forest_straight_2,
          infiniplex_forest_clump_tiny, infiniplex_forest_clump_long,
          infiniplex_forest_clump_double, infiniplex_forest_lined_3,
          beast_lair_carwin_6
Lair:4:   dragon1_lemuel, layout_regular_city, spider_nest_entry_webs,
          serial_bayou_pond_d
Lair:5:   layout_regular_city, slime_dummy
Lair:6:   gammafunk_lair_ancient_temple, layout_layer_cave, basic_altar,
          minmay_lair_oklob_chamber
Orc:1:    layout_diamond_mine
Orc:2:    grunt_orc_gardens, layout_caves, grunt_orc_garden, grunt_orc_garden,
          grunt_orc_garden, grunt_orc_garden, basic_altar,
          gauntlet_entry_generic

Skill      XL: |  1  2  3  4  5  6  7  8  9 10 11 12 13 14 15 |
---------------+----------------------------------------------+-----
Maces & Flails | 3 4 5 7 9 10 11 13 14 15 16 | 16.7
Dodging        | 1 2 3 5 6 7 8 9 11 12 | 12.3
Fighting       | 4 5 6 7 8 9 11 12 13 | 13.9
Armour         | 4 5 6 7 8 9 11 12 13 | 13.9
Shields        | |  3.2

Action                   |  1- 3 |  4- 6 |  7- 9 | 10-12 | 13-15 | 16-18 || total
-------------------------+-------+-------+-------+-------+-------+-------++-------
Melee: Flail             |   118 |   272 |       |       |       |       ||   390
       Dire flail        |       |       |   299 |   995 |  1007 |       ||  2301
       Great mace        |       |       |       |       |   706 |   364 ||  1070
Throw: Throwing net      |       |       |       |     1 |       |     1 ||     2
 Abil: Fly               |       |       |       |       |     1 |       ||     1
Evoke: Wand              |       |       |       |     4 |       |       ||     4
  Use: Scroll            |       |     4 |     4 |    12 |     9 |     4 ||    33
       Potion            |       |       |     1 |     4 |     1 |     6 ||    12
 Stab: Held in net/web   |       |       |       |     1 |       |     1 ||     2
  Eat: Chunk             |     1 |     8 |     9 |    25 |    31 |     7 ||    81
       Ration            |       |       |       |       |     1 |     1 ||     2
Armor: Scale mail        |    91 |   208 |       |       |       |       ||   299
       Ring mail         |       |       |   139 |   351 |       |       ||   490
       Crystal plate arm |       |       |       |   233 |  1283 |   409 ||  1925
       Chain mail        |       |       |       |       |   134 |       ||   134
Dodge: Dodged            |    80 |   196 |   185 |   692 |   920 |   337 ||  2410
       Deflected         |       |       |       |       |    19 |     3 ||    22

Table legend:
 A = Non-vault XP
 B = Vault XP
 C = Vault XP percentage of total XP
 D = Non-vault monster count
 E = Vault monster count
 F = Vault count percentage of total count
                 A         B        C        D         E       F
            +---------+---------+-------+---------+---------+-------
      Total |   90644 |   57162 |  38.7 |     579 |     232 |  28.6
            +---------+---------+-------+---------+---------+-------
        D:1 |      29 |      45 |  60.8 |      15 |      17 |  53.1
        D:2 |      73 |       7 |   8.8 |      21 |       4 |  16.0
        D:3 |      86 |       2 |   2.3 |      35 |       1 |   2.8
        D:4 |     458 |     237 |  34.1 |      20 |       3 |  13.0
        D:5 |     768 |     268 |  25.9 |      15 |       2 |  11.8
        D:6 |     468 |       0 |   0.0 |      13 |       0 |   0.0
        D:7 |    1367 |    1170 |  46.1 |      25 |       3 |  10.7
        D:8 |    3295 |       0 |   0.0 |      45 |       0 |   0.0
        D:9 |     882 |    8035 |  90.1 |      19 |      47 |  71.2
       D:10 |    2529 |     486 |  16.1 |      38 |       1 |   2.6
       D:11 |    3111 |     169 |   5.2 |      26 |       3 |  10.3
       D:12 |    6518 |    2272 |  25.8 |      31 |       6 |  16.2
       D:13 |    3790 |       0 |   0.0 |      20 |       0 |   0.0
       D:14 |   18346 |    6468 |  26.1 |      40 |      12 |  23.1
       D:15 |    5183 |    2044 |  28.3 |      20 |      18 |  47.4
     Lair:1 |    3198 |    2616 |  45.0 |      12 |       4 |  25.0
     Lair:2 |    4713 |     554 |  10.5 |      18 |       2 |  10.0
     Lair:3 |    3202 |    2118 |  39.8 |      17 |       8 |  32.0
     Lair:4 |    7291 |    1337 |  15.5 |      27 |       2 |   6.9
     Lair:5 |    7174 |       0 |   0.0 |      25 |       0 |   0.0
     Lair:6 |   14048 |   11405 |  44.8 |      48 |      32 |  40.0
      Orc:1 |    3540 |       0 |   0.0 |      44 |       0 |   0.0
      Orc:2 |     575 |    3320 |  85.2 |       5 |       6 |  54.5
     Bailey |       0 |    1198 | 100.0 |       0 |      16 | 100.0
      IceCv |       0 |   10085 | 100.0 |       0 |      36 | 100.0
   Gauntlet |       0 |    3326 | 100.0 |       0 |       9 | 100.0
            +---------+---------+-------+---------+---------+-------
